 Dungeon Crawl Stone Soup version 0.18-a0-337-g1235303 (webtiles) character file.

43544 4thArraOfDagon the Grappler (level 13, -29/103 HPs)
             Began as a Red Draconian Abyssal Knight on Nov 28, 2015.
             Was a High Priest of Lugonu.
             Killed from afar by a crystal guardian (47 damage)
             ... with a crystal bolt
             ... on level 3 of the Elven Halls.
             The game lasted 01:23:12 (11496 turns).

4thArraOfDagon the Grappler (DrAK)                 Turns: 11496, Time: 01:23:12

Health: -29/103    AC: 16    Str: 17    XL:     13   Next: 91%
Magic:  15/21      EV: 18    Int: 17    God:    Lugonu [*****.]
Gold:   1154       SH: 14    Dex: 17    Spells: 6 memorised, 6 levels left

rFire  + . .     SeeInvis .       - Unarmed
rCold  . . .     Rnd*Rage +     (armour unavailable)
rNeg   + . .     SustAt   .     D - +2 shield
rPois  +         Gourm    .     (helmet restricted)
rElec  .         Spirit   .     B - +1 cloak {rPois}
rCorr  .         Warding  +     G - +1 pair of gloves {Str+3}
rMut   .         Stasis   .     q - +0 pair of boots
MR     .....                    t - amulet of warding
Stlth  ++++......               v - +3 ring of dexterity
                                I - +3 ring of protection

@: about to teleport, very slightly contaminated, hasted, very quick, not
resistant to hostile enchantments, stealthy
A: breathe fire, unfitting armour, hooves 1, camouflage 2, agile 1, berserk 1,
blurry vision 1, fire resistance 1, sense surroundings 1, evolution 1,
cold-blooded, AC +8
a: Breathe Fire, Depart the Abyss, Bend Space, Banish, Corrupt, Enter the Abyss,
Renounce Religion


You were on level 3 of the Elven Halls.
You worshipped Lugonu.
Lugonu was extremely pleased with you.
You were hungry.

You visited 3 branches of the dungeon, and saw 22 of its levels.
You visited the Abyss 1 time.
You also visited: Ice Cave.

You collected 1406 gold pieces.
You spent 252 gold pieces at shops.

Inventory:

Hand Weapons
 n - a +3 dagger of venom
 s - a +0 quarterstaff
 A - the +9 hand axe of Doom {freeze, *Confuse +Fly rF+ Stlth+}
   (You took it off an orc on level 9 of the Dungeon)

   It has been specially enchanted to freeze those struck by it, causing extra
   injury to most foes and up to half again as much damage against particularly
   susceptible opponents.
   It can also slow down cold-blooded creatures.
   It protects you from fire.
   It lets you fly.
   It may confuse you when you take damage.
   It makes you more stealthy.
Missiles
 j - 20 poisoned needles
 J - 2 bolts
Armour
 f - a +1 shield of poison resistance
 q - a +0 pair of boots (worn)
 B - a +1 cloak of poison resistance (worn)
 D - a +2 shield (worn)
 G - a +1 pair of gloves of strength (worn)
Jewellery
 h - an uncursed ring of sustain attributes
 t - an amulet of warding (around neck)
 v - a +3 ring of dexterity (right hand)
 I - a +3 ring of protection (left hand)
Wands
 l - a wand of lightning (7)
 u - a wand of polymorph (1)
 w - a wand of digging (17)
 y - a wand of magic darts (11)
 C - a wand of draining (4)
Scrolls
 c - a scroll of enchant armour {unknown}
 g - a scroll of recharging
 p - 8 scrolls of remove curse
 H - a scroll of magic mapping
 L - 2 scrolls of noise {unknown}
 N - a scroll of torment {unknown}
Potions
 m - a potion of magic
 o - a potion of mutation {unknown}
 r - a potion of lignification
 z - 3 potions of brilliance
 E - a potion of resistance {unknown}
Miscellaneous
 b - a disc of storms
 F - a plain deck of defence {drawn: 2}
 M - a plain deck of wonders {drawn: 3}
Comestibles
 a - 3 bread rations
 d - 9 meat rations
 k - 25 fruits
 x - 4 chunks of flesh


   Skills:
 + Level 6.3 Fighting
 - Level 10.1 Dodging
 - Level 10.1 Shields
 * Level 14.6 Unarmed Combat
 + Level 3.3 Spellcasting
 * Level 4.7 Translocations
 - Level 11.0 Invocations
 + Level 0.4 Evocations


You had 6 spell levels left.
You knew the following spells:

 Your Spells              Type           Power        Failure   Level  Hunger
a - Blink                 Tloc           N/A          10%         2    ##.....
b - Repel Missiles        Chrm/Air       #.....       56%         2    ##.....
c - Apportation           Tloc           ###.......   4%          1    None
d - Passage of Golubria   Tloc           N/A          45%         4    ####...
e - Shroud of Golubria    Chrm/Tloc      ##........   21%         2    ##.....
f - Animate Skeleton      Necr           N/A          34%         1    None


Dungeon Overview and Level Annotations

Branches:
Dungeon (15/15)            Temple (0/1) D:4            Lair (0/8) D:9
    Orc (4/4) D:12            Elf (3/3) Orc:3        Vaults (0/5) D:13
 Depths: D:15

Altars:
Ashenzari
Cheibriados
Dithmenos
Nemelex Xobeh
Qazlal
Sif Muna
Xom
Beogh

Shops:
D:10 [   Orc:4 [}=%

Annotations:
D:6 zero's ghost, novice MiBe
D:8 nublet's ghost, novice OgGl
Elf:3 corrupted


Innate Abilities, Weirdness & Mutations

You can breathe blasts of fire.
Your fiery red scales are hard (AC +8).
Your body does not fit into most forms of armour.
Your flesh is heat resistant.
You are cold-blooded and may be slowed by cold attacks.
You have large cloven feet.
Your skin blends seamlessly with your surroundings (Stealth).
You are agile. (Dex +2)
You tend to lose your temper in combat.
Scrolls take you a little longer to read.
You passively map a small area around you.
You evolve.


Message History

A crystal guardian and a deep elf sorcerer come into view.
Unknown command.
You close the door.
The crystal guardian fires a crystalline bolt at you.
The crystal bolt freezes you!
* * * LOW HITPOINT WARNING * * *
Unknown command.
You see here 11 gold pieces.
Unknown command.
Drink which item? (? for menu, Esc to quit)
Okay, then.
Evoke which item? (* to show all) (? for menu, Esc to quit)
Okay, then.
Evoke which item? (* to show all) (? for menu, Esc to quit)
You draw a card...
It is Wild Magic.
Nothing appears to happen.
The crystal guardian fires a crystalline bolt at you.
The crystal bolt freezes the crystal guardian.
The crystal guardian completely resists.
The crystal bolt freezes you!
You die...

,,,,,,........##|#
*******
,,,,,,.....####$=#
*,,,,,*******
,,,,,,....##)})"$#
*,,,,,+,,,,,,
,,,,,,...,#([$}4e#
*,,,,,*******
,,,,,,..,,##$:48/#
*,,,,,*
,,,,,,.,,,,####)}#
*,,,,,*
,,,,,,**,,,,,,##8#
*****+* #
,,,,****,,,,,,,#)#
*,* ##
*,****,,,...8..+@#
*,* ##.
****,,,,,.e....###
*,* ##.#
,*,,,,,,,.#...#*
###+####.##
,,,,,,,,,..###*
##.....#'##
,,,,,,,,*#**
##.......##
{5.,,,*,*
#.........#
..#,*** *
#.........###
#.###
#.........'..
2.8.#
#.........###


You could see 2 crystal guardians, a deep elf sorcerer and a hellwing.

Vanquished Creatures
  A stone giant (Orc:4)
  A deep elf death mage (Elf:3)
  2 centaur warriors (D:12)
  A hydra (D:15)
  An anaconda (shapeshifter) (D:15)
  5 tengu warriors
  2 deep elf knights (Elf:3)
  3 orc high priests (Orc:4)
  A giant orange brain (D:15)
  3 hill giants
  2 unseen horrors (D:15)
  A wizard (D:15)
  3 deep elf conjurers (Elf:3)
  A griffon (D:12)
  An orc sorcerer (Orc:4)
  2 orc knights (Orc:4)
  An ugly thing (D:13)
  3 cyclopes
  3 manticores
  3 centaur zombies
  A gargoyle (D:11)
  A merfolk (Elf:3)
  A tengu conjurer (D:12)
  2 deep elf priests (Elf:3)
  6 trolls
  2 two-headed ogres
  12 slime creatures
  A trapdoor spider zombie (D:12)
  A slime creature (shapeshifter) (D:15)
  2 wraiths
  A golden eye (shapeshifter) (D:15)
  4 deep elf magi (Elf:3)
  2 wyverns
  A hungry ghost (D:9)
  21 yaks
  2 vampire mosquitoes (D:11)
  A wolf (D:12)
  2 wargs (Orc:4)
  A deep elf fighter (Elf:3)
  A harpy simulacrum (D:14)
  A black bear (D:12)
  10 ice beasts
  31 orc warriors
  3 sky beasts
  8 ogres
  A boggart (D:12)
  2 necrophages
  8 centaurs
  2 big kobolds
  6 giant frogs
  4 scorpions
  6 killer bees (D:9)
  A giant frog zombie (D:12)
  5 wights
  A quasit (D:11)
  27 orc priests
  A crimson imp (D:13)
  17 orc wizards
  5 hounds
  5 centaur skeletons
  5 worker ants
  3 iguanas
  6 sheep
  A hound zombie (D:9)
  A worker ant zombie (D:7)
  9 adders
  2 shadow imps
  3 worms
  An adder skeleton (D:9)
  2 giant geckos
  133 orcs
  4 giant cockroaches
  8 goblins
  6 hobgoblins
  A quokka (D:6)
  A ball python (D:2)
  6 bats
  A giant gecko skeleton (D:6)
  2 giant newts
  12 jackals
  A jackal skeleton (D:7)
  6 kobolds
  10 rats
473 creatures vanquished.

Vanquished Creatures (others)
  A deep elf blademaster (Elf:3)
  2 deep elf sorcerers (Elf:3)
  2 deep elf annihilators (Elf:3)
  A fire dragon (D:14)
  4 crystal guardians (Elf:3)
  A deep elf high priest (Elf:3)
  An unseen horror (D:12)
  An ugly thing (D:15)
  A manticore (D:14)
  A centaur skeleton (D:13)
  A tengu conjurer (D:14)
  A trapdoor spider (D:13)
  A deep elf mage (Elf:3)
  A vampire mosquito (D:12)
  2 wolves (IceCv)
  3 orc warriors
  A boggart (D:15)
  A starspawn tentacle (Elf:3)
  A starspawn tentacle segment (Elf:3)
27 creatures vanquished.

Grand Total: 500 creatures vanquished

Notes
Turn   | Place    | Note
--------------------------------------------------------------
     0 | Abyss:1  | 4thArraOfDagon the Draconian Abyssal Knight began the quest for the Orb.
     0 | Abyss:1  | Reached XP level 1. HP: 19/19 MP: 2/2
    41 | Abyss:3  | Noticed a worldbinder
    44 | D:1      | Escaped the Abyss
   157 | D:1      | Reached * piety under Lugonu
   207 | D:1      | Reached XP level 2. HP: 23/26 MP: 3/3
   382 | D:2      | Found a shattered altar of Ashenzari.
   515 | D:3      | Reached XP level 3. HP: 20/31 MP: 4/4
   623 | D:3      | Reached ** piety under Lugonu
   712 | D:3      | Reached XP level 4. HP: 27/40 MP: 5/5
   720 | D:3      | Reached skill level 4 in Fighting
   781 | D:2      | Reached XP level 5. HP: 21/46 MP: 6/6
   909 | D:1      | You fall through a shaft!
  1077 | D:4      | Noticed an ogre
  1165 | D:4      | Found a staircase to the Ecumenical Temple.
  1270 | D:5      | Entered Level 5 of the Dungeon
  1352 | D:6      | Reached XP level 6. HP: 33/53 MP: 6/8
  1393 | D:6      | Reached *** piety under Lugonu
  1543 | D:4      | Found a deep blue altar of Sif Muna.
  1600 | D:6      | Noticed zero's ghost (novice MiBe)
  1964 | D:7      | Found a stormy altar of Qazlal.
  1965 | D:7      | Noticed an air elemental
  1965 | D:7      | Noticed a fire elemental
  1965 | D:7      | Noticed a water elemental
  2067 | D:8      | Noticed nublet's ghost (novice OgGl)
  2137 | D:9      | Reached skill level 5 in Fighting
  2150 | D:9      | Noticed a yak
  2151 | D:9      | Noticed a yak
  2151 | D:9      | Noticed a yak
  2151 | D:9      | rly?
  2152 | D:9      | Noticed a yak
  2152 | D:9      | Noticed a yak
  2181 | D:9      | Reached skill level 5 in Unarmed Combat
  2189 | D:9      | Your scales start taking on a fiery red colour.
  2189 | D:9      | Gained mutation: Your flesh is heat resistant. [Red Draconian growth]
  2189 | D:9      | Reached XP level 7. HP: 61/61 MP: 7/9
  2201 | D:9      | Identified a scroll of acquirement
  2222 | D:9      | Killed a yak
  2222 | D:9      | Reached skill level 6 in Unarmed Combat
  2241 | D:9      | Killed a yak
  2241 | D:9      | Reached XP level 8. HP: 51/68 MP: 7/11
  2267 | D:9      | Reached skill level 5 in Dodging
  2267 | D:9      | Reached skill level 7 in Unarmed Combat
  2267 | D:9      | Reached skill level 5 in Invocations
  2384 | D:9      | Reached skill level 8 in Unarmed Combat
  2633 | D:9      | Reached XP level 9. HP: 44/74 MP: 9/13
  2697 | D:9      | Found a staircase to the Lair.
  2729 | D:9      | Reached **** piety under Lugonu
  2729 | D:9      | Reached skill level 9 in Unarmed Combat
  2765 | D:9      | :)
  2792 | D:9      | Found a sparkling altar of Nemelex Xobeh.
  2951 | D:9      | polished?
  2951 | D:9      | who polished that
  2963 | D:9      | Reached skill level 10 in Unarmed Combat
  2975 | D:9      | Got a polished hand axe {freeze}
  2980 | D:9      | Identified the +9 hand axe of Doom {freeze, *Confuse +Fly rF+ Stlth+} (You took it off an orc on level 9 of the Dungeon)
  3090 | D:9      | Reached XP level 10. HP: 62/81 MP: 15/15
  3283 | D:10     | Entered Level 10 of the Dungeon
  3297 | D:10     | forgot
  3377 | D:10     | Found Kifegioz's Armour Shoppe.
  3383 | D:10     | Bought a +1 cloak of poison resistance for 135 gold pieces
  3632 | D:11     | Found a shadowy altar of Dithmenos.
  3673 | D:11     | Noticed a manticore
  3685 | D:11     | time to avenge the ogre
  3693 | D:11     | Killed a manticore
  3693 | D:11     | Reached skill level 1 in Shields
  3796 | D:12     | Reached skill level 11 in Unarmed Combat
  3910 | D:12     | Found a frozen archway.
  4031 | IceCv    | Entered an ice cave
  4205 | D:12     | Reached ***** piety under Lugonu
  4320 | D:13     | Noticed a tengu warrior
  4334 | D:13     | Killed a tengu warrior
  4334 | D:13     | Reached XP level 11. HP: 86/86 MP: 17/17
  4466 | D:13     | Gained mutation: You expend magic power (3 MP) to strengthen your wands. [mutagenic meat]
  4473 | D:13     | Noticed an enchanted long sword
  4509 | D:13     | HP: 4/86 [centaur skeleton (7)]
  4734 | D:14     | Found a shimmering altar of Xom.
  4734 | D:14     | Found a shattered altar of Ashenzari.
  4734 | D:14     | Noticed a tengu warrior
  4734 | D:14     | Noticed a fire dragon
  4759 | D:14     | Killed a tengu warrior
  4759 | D:14     | Reached skill level 5 in Shields
  4838 | D:14     | Noticed a phantasmal warrior
  4874 | D:14     | Noticed a tengu warrior
  4892 | D:14     | Noticed a tengu warrior
  4893 | D:14     | Killed a tengu warrior
  4893 | D:14     | Reached skill level 12 in Unarmed Combat
  4913 | D:14     | Noticed a hill giant
  4932 | D:14     | Killed a hill giant
  5048 | D:14     | Noticed a tengu warrior
  5065 | D:14     | Killed a tengu warrior
  5100 | D:14     | Killed a tengu warrior
  5266 | D:14     | Found a sparkling altar of Nemelex Xobeh.
  5313 | D:15     | Entered Level 15 of the Dungeon
  5339 | D:15     | Killed an unseen horror
  5676 | D:15     | Reached XP level 12. HP: 49/94 MP: 19/19
  5993 | D:14     | Reached skill level 10 in Invocations
  6202 | D:15     | Reached skill level 13 in Unarmed Combat
  6240 | D:15     | Noticed a six-headed hydra
  6253 | D:15     | Killed a six-headed hydra
  6447 | D:15     | Noticed an anaconda
  6455 | D:15     | Killed an anaconda
  6542 | D:15     | Learned a level 2 spell: Blink
  6545 | D:15     | Learned a level 2 spell: Repel Missiles
  6715 | D:15     | Noticed a fire dragon
  6731 | D:14     | Found a snail-covered altar of Cheibriados.
  6793 | D:14     | Banished a fire dragon
  6794 | D:14     | Gained mutation: Your skin changes colour to match your surroundings (Stealth). [mutagenic meat]
  6795 | D:14     | Gained mutation: You passively map a small area around you. [mutagenic meat]
  6796 | D:14     | Gained mutation: You are agile. (Dex +2) [mutagenic meat]
  6797 | D:14     | Gained mutation: Your skin blends seamlessly with your surroundings (Stealth). [mutagenic meat]
  6801 | D:14     | maphack mode=on
  6922 | D:13     | Found a gate to the Vaults.
  7049 | D:13     | Noticed a centaur warrior
  7297 | D:12     | Learned a level 1 spell: Apportation
  7302 | D:12     | Learned a level 4 spell: Passage of Golubria
  7305 | D:12     | Learned a level 2 spell: Shroud of Golubria
  7343 | D:12     | Killed a centaur warrior
  7379 | D:13     | Reached skill level 1 in Spellcasting
  7450 | D:12     | Noticed a centaur warrior
  7477 | D:12     | Killed a centaur warrior
  7477 | D:12     | Reached XP level 13. HP: 92/100 MP: 21/21
  8009 | D:12     | Found a staircase to the Orcish Mines.
  8018 | Orc:1    | Entered Level 1 of the Orcish Mines
  8178 | Orc:2    | Gained mutation: You evolve. [mutagenic meat]
  8179 | Orc:2    | Gained mutation: You tend to lose your temper in combat. [mutagenic meat]
  8180 | Orc:2    | Gained mutation: You have large cloven feet. [mutagenic meat]
  8181 | Orc:2    | Lost mutation: You expend magic power (3 MP) to strengthen your wands. [mutagenic meat]
  8183 | Orc:2    | Gained mutation: Scrolls take you a little longer to read. [mutagenic meat]
  8638 | Orc:3    | Reached skill level 1 in Translocations
  8734 | Orc:3    | Found a staircase to the Elven Halls.
  8791 | Orc:3    | Found Iniphuw's Distillery.
  8807 | Orc:3    | ty
  8813 | Orc:4    | Entered Level 4 of the Orcish Mines
  8845 | Orc:3    | bad aiming
  8845 | Orc:3    | why its even allowed
  8867 | Orc:3    | Reached skill level 14 in Unarmed Combat
  8926 | Orc:4    | Reached ****** piety under Lugonu
  9079 | Orc:4    | Noticed a stone giant
  9107 | Orc:4    | Killed a stone giant
  9515 | Orc:4    | Learned a level 1 spell: Animate Skeleton
  9625 | Orc:4    | Found Isoyrush's Food Emporium.
  9647 | Orc:4    | Found Getwokos's Jewellery Shoppe.
  9798 | Orc:4    | Reached skill level 10 in Shields
  9841 | Orc:4    | Noticed an orc warlord
  9871 | Orc:4    | Banished an orc warlord
 10032 | Orc:4    | Found a roughly hewn altar of Beogh.
 10045 | Orc:4    | Paralysed by an orc sorcerer for 6 turns
 10238 | Orc:4    | Reached skill level 10 in Dodging
 10562 | Orc:4    | Found Cotu's Gadget Shop.
 10570 | Orc:4    | :)
 10875 | Orc:4    | Found Nezxar's Antique Armour Boutique.
 10901 | Orc:4    | Bought a pair of boots for 117 gold pieces
 11011 | Elf:1    | Entered Level 1 of the Elven Halls
 11020 | Elf:3    | Entered Level 3 of the Elven Halls
 11405 | Elf:3    | Drew Focus: Int increased to 17, Dex decreased to 12
 11467 | Elf:3    | Corrupted Elf:3
 11467 | Elf:3    | Noticed a starcursed mass
 11467 | Elf:3    | Noticed a starcursed mass
 11467 | Elf:3    | Noticed a cacodemon
 11467 | Elf:3    | Noticed a tentacled starspawn
 11471 | Elf:3    | Noticed a lich
 11475 | Elf:3    | Noticed a deep elf sorcerer
 11475 | Elf:3    | Noticed a deep elf master archer
 11475 | Elf:3    | Noticed a deep elf annihilator
 11477 | Elf:3    | Killed a deep elf annihilator
 11477 | Elf:3    | Killed a deep elf sorcerer
 11479 | Elf:3    | Killed a deep elf sorcerer
 11486 | Elf:3    | Killed a deep elf annihilator
 11493 | Elf:3    | Noticed a deep elf sorcerer
 11495 | Elf:3    | Killed a deep elf blademaster
 11496 | Elf:3    | Killed from afar by a crystal guardian

Vault maps used:
D:1:      dpeg_arrival_three_same_balls
D:2:      old_standard_altar, first_bread
D:3:      kennysheep_big_flooded_room, ecumenical_altar_2, minmay_liquid_box,
          uniq_crazy_yiuf_cottage
D:4:      old_standard_altar, lemuel_crystal_altar,
          minmay_temple_entry_statues_fountains, uniq_blork_the_orc
D:5:      nicolae_overflow_crystal_walls
D:6:      eino_tiny_chamber
D:7:      good_gods_temple_1, grunt_temple_overflow_champion_of_chaos,
          lemuel_zombie_altar_kikubaaqudgha, nicolae_qazlal_style_of_elements
D:9:      kennysheep_mini_moat, lair_0_dummy, blue_anna_alchemist,
          serial_bayou_crossing
D:10:     serial_shops, shop, roderic_whirl
D:11:     fountainhead, eino_tiny_chamber, grunt_dithmenos_smoke
D:12:     minmay_isolated_rectangles_in_corner, erik_orc_2,
          portal_ice_cave_entry_ice_beasts, minmay_misc_feat_x
D:13:     erik_vaults_1, minmay_evil_grid
D:14:     cheibriados_altar_1, basic_altar, minmay_misc_feat_hallway,
          jmf_multi_god_temple
D:15:     gammafunk_enter_depths_forms, minmay_misc_feat_diagonals,
          minmay_joined_circles
Orc:1:    serial_shops, shop_statue
Orc:2:    nicolae_orc_lava_room
Orc:3:    serial_shops, nicolae_shop_trees, nicolae_orc_pool_cavern
Orc:4:    pubby_orc_utopia
Elf:1:    serial_shops, nicolae_shop_behind_doors, basic_altar,
          hangedman_elven_crosses_minicolossus
Elf:2:    item_on_display_a
Elf:3:    minmay_elf_hall_golems, grunt_megastairs_2
Abyss:2:  bh_abyss_negative
Abyss:3:  hangedman_abyss_town, serial_sigils_hangedman_gut
IceCv:    ice_cave_caverns_03

Action                   |  1- 3 |  4- 6 |  7- 9 | 10-12 | 13-15 || total
-------------------------+-------+-------+-------+-------+-------++-------
Melee: Unarmed           |   141 |    44 |    45 |   484 |   786 ||  1500
       Dagger            |    14 |   149 |    95 |    56 |       ||   314
Throw: Stone             |     1 |       |    13 |       |       ||    14
 Cast: Blink             |       |       |       |       |     2 ||     2
       Repel Missiles    |       |       |       |       |     1 ||     1
Invok: Depart the Abyss  |     1 |       |       |       |       ||     1
       Banish            |       |       |     1 |    12 |     8 ||    21
       Bend Space        |       |       |       |       |     2 ||     2
       Corrupt           |       |       |       |       |     1 ||     1
 Abil: Breathe Fire      |       |       |    14 |    51 |    37 ||   102
Evoke: Wand              |     2 |     1 |       |     7 |     6 ||    16
       Deck              |       |       |       |       |     5 ||     5
  Use: Potion            |     1 |     1 |       |     7 |     5 ||    14
       Scroll            |     1 |    12 |     2 |    10 |     4 ||    29
 Stab: Sleeping          |     1 |       |       |     3 |    10 ||    14
  Eat: Chunk             |       |     2 |     4 |    22 |    37 ||    65
       Fruit             |       |     1 |     2 |    13 |       ||    16
       Royal jelly       |       |     1 |       |       |       ||     1
       Beef jerky        |       |       |       |     2 |       ||     2
       Pizza             |       |       |       |     2 |       ||     2
